 Dungeon Crawl Stone Soup version 0.30.0-19-g36f170ea60 (webtiles) character file.

Game seed: 2574917706936308341

186 cdecastro the Insei (level 5, -7/49 HPs)
             Began as an Octopode Transmuter on May 26, 2023.
             Was a Believer of Wu Jian.
             Splashed by a jelly's acid (11 damage)
             ... on level 4 of the Dungeon.
             The game lasted 00:06:32 (2691 turns).

cdecastro the Insei (Octopode Transmuter)           Turns: 2691, Time: 00:06:32

Health: -7/49      AC: 18    Str:  9    XL:     5   Next: 66%
Magic:  8/8        EV:  2    Int: 15    God:    Wu Jian [**....]
Gold:   88         SH:  0    Dex: 15    Spells: 5/8 levels left

rFire   . .          .
                       - Unarmed
rCold   . . .        (no shield)
rNeg    . . .        (helmet currently unavailable)
rPois   +            (no amulet)
rElec   .            m - +4 ring of protection
rCorr   .            (no ring)
SInv    .            (no ring)
Will    .....        (no ring)
Stlth   +            (no ring)
HPRegen 0.28/turn    (no ring)
MPRegen 0.11/turn    (no ring)
                     (no ring)

%: no passive effects
@: tree-form, corroded
A: stationary, stasis, torment immunity, boosted hp, almost no armour,
(amphibious), 8 rings, (camouflage 1), (gelatinous body 1), (nimble swimmer 1),
(tentacles)
a: Renounce Religion, Wall Jump


You were on level 4 of the Dungeon.
You worshipped Wu Jian.
Wu Jian was pleased with you.
You were a tree.
You visited 1 branch of the dungeon, and saw 4 of its levels.

You collected 88 gold pieces.

Inventory:

Missiles
 o - 6 silver javelins
Magical Staves
 b - a staff of conjuration
Jewellery
 m - a +4 ring of protection (left branch)
 p - a ring of ice
Scrolls
 c - 3 scrolls of enchant armour {unknown}
 d - 4 scrolls of identify {unknown}
 e - 4 scrolls of amnesia {unknown}
 f - a scroll of torment {unknown}
 g - 2 scrolls of teleportation {unknown}
 i - a scroll of blinking {unknown}
 l - a scroll of immolation {unknown}
 n - a scroll of acquirement {unknown}
 q - a scroll of fear {unknown}
 t - 2 scrolls of poison {unknown}
 u - a scroll of noise {unknown}
 v - a scroll of magic mapping {unknown}
Potions
 a - a potion of lignification
 h - a potion of heal wounds {unknown}
 j - 2 potions of cancellation {unknown}
 k - 4 potions of curing {unknown}
 r - a potion of brilliance {unknown}
 s - a potion of resistance {unknown}


   Skills:
 - Level 1.0 Fighting
 - Level 2.0 Dodging
 * Level 5.3 Unarmed Combat
 - Level 2.0 Spellcasting
 + Level 3.5 Transmutations


You had 5 spell levels left.
You knew the following spells:

 Your Spells              Type           Power      Damage    Failure   Level
a - Beastly Appendage     Tmut           24%        N/A       5%          1
b - Wereblood             Tmut           12%        N/A       8%          2

Your spell library contained the following spells:

 Spells                   Type           Power      Damage    Failure   Level
 Sting                    Tmut/Pois      24%        1d4       11%         1
 Poisonous Vapours        Pois/Air       2%         N/A       32%         2
 Spider Form              Tmut/Pois      6%         N/A       32%         3
 Vhi's Electric Charge    Tloc/Air       2%         N/A       54%         3
 Ice Form                 Ice/Tmut       6%         N/A       71%         4
 Petrify                  Tmut/Erth      6%         N/A       71%         4
 Olgreb's Toxic Radiance  Pois           1%         N/A       91%         4
 Arcjolt                  Conj/Air       0%         1d10      99%         5
 Metabolic Englaciation   Hex/Ice        0%         N/A       99%         5
 Statue Form              Tmut/Erth      4%         N/A       100%        6
 Maxwell's Capacitive Co  Air            0%         ∞         100%        8


Dungeon Overview and Level Annotations

Branches:
Dungeon (4/15)
 Temple: D:4-7

Altars:
Gozag
Wu Jian

Annotations:
D:4 3 runed translucent doors, bitcoinman's ghost, novice MiFi


Innate Abilities, Weirdness & Mutations

You are a tree.
Your roots penetrate the ground, keeping you stationary.
You cannot be teleported.
You are immune to unholy pain and torment.
Your maximum health is greatly increased.
You cannot wear most types of armour.
((You are amphibious.))
You can wear up to eight rings at the same time.
((Your skin changes colour to match your surroundings (Stealth+).))
((Your rubbery body absorbs attacks. (AC +1, EV +1)))
((You are camouflaged when in or above water. (Stealth+)))
((You have tentacles for arms and can constrict up to eight enemies at once.))


Message History

Your tentacles burn!
You pierce the jelly, but do no damage.
The jelly is heavily wounded.
The jelly hits you.
You are splashed with acid!
You tentacle-slap the jelly. The acid corrodes you!
Your tentacles burn!
* * * LOW HITPOINT WARNING * * *
You pierce the jelly, but do no damage.
You squeeze the jelly, but do no damage.
The jelly is heavily wounded.
The jelly hits you.
* * * LOW HITPOINT WARNING * * *
You are splashed with acid.
* * * LOW HITPOINT WARNING * * *
Aiming: Wall Jump
Press: ? - help, Dir - move target You repeatedly attack the jelly from above.
You tentacle-slap the jelly.
Your tentacles burn!
* * * LOW HITPOINT WARNING * * *
You pierce the jelly, but do no damage.
The jelly is heavily wounded.
You tentacle-slap the jelly but do no damage.
Your tentacles burn!
* * * LOW HITPOINT WARNING * * *
You tentacle-slap the jelly, but do no damage.
The jelly is heavily wounded.
A hobgoblin comes into view. It is wielding a +0 dagger.
The jelly closely misses you. The jelly misses you.
Unknown command.
Really quaff the potion of lignification?
Your tentacle spike disappears.
You turn into a tree.
Your roots penetrate the ground.
The hobgoblin shouts!
The jelly hits you but does no damage.
Unknown command.
Unknown command.
You completely miss the jelly.
The jelly is heavily wounded.
The jelly hits you.
* * * LOW HITPOINT WARNING * * *
You are splashed with acid!
You die...

.... ... #.. ####.. ####.#[.
#...g# #...... #....# #
###.#......# #(...#.#....
.......# .###...♣#.#..#
#.#..#.# .......J..#..#
#.#..#.# ........##...##
#<#.[#.#
.....###...#.##.#'#..#.#
..... #..##.##......#.#
.#######>...............
######.8∩8.##.....#....)....
#...#∩......#.....##...####.
#...#8..8.$8#.....##...# #.


You could see a jelly and a hobgoblin.

Vanquished Creatures
  An orc priest (D:4)
  An orc wizard (D:3)
  3 gnolls
  3 adders
  2 worms (D:4)
  2 dart slugs
  4 orcs
  5 endoplasms
  A giant cockroach (D:2)
  3 goblins (D:1)
  5 hobgoblins
  4 jackals
  A quokka (D:3)
  13 ball pythons
  4 bats
  A frilled lizard (D:1)
  6 kobolds
  6 rats
65 creatures vanquished.

Notes
Turn   | Place    | Note
-------+----------+-------------------------------------------
     0 | D:1      | cdecastro the Octopode Transmuter began the quest for the
                  | Orb.
     0 | D:1      | Reached XP level 1. HP: 13/13 MP: 3/3
    85 | D:1      | Reached XP level 2. HP: 13/18 MP: 5/5
    92 | D:1      | Learned a level 2 spell: Wereblood
   391 | D:1      | Found a faded altar of an unknown god.
   402 | D:1      | Prayed at the altar of an unknown god.
   402 | D:1      | Became a worshipper of the Wu Jian Council
   402 | D:1      | Reached * piety under Wu Jian
   524 | D:2      | Reached XP level 3. HP: 18/23 MP: 4/6
   769 | D:2      | Reached skill level 4 in Unarmed Combat
  1084 | D:2      | Reached XP level 4. HP: 26/28 MP: 7/7
  1699 | D:3      | Reached ** piety under Wu Jian
  1852 | D:2      | Reached XP level 5. HP: 22/33 MP: 8/8
  1974 | D:3      | Reached skill level 5 in Unarmed Combat
  2624 | D:4      | Found a runed translucent gate.
  2625 | D:4      | Found a runed translucent gate.
  2630 | D:4      | Found a runed translucent gate.
  2660 | D:4      | Found an opulent altar of Gozag.
  2663 | D:4      | Noticed bitcoinman's ghost (novice MiFi)
  2691 | D:4      | Splashed by a jelly's acid

Illustrated notes

Levels and vault maps discovered:
D:1:      shiori_shiawase, layout_rooms, ebering_ecumenical_altar_box
D:2:      minmay_evil_eye, layout_basic
D:3:      layout_rooms
D:4:      layout_basic, ebering_ghost_gozag, nicolae_shop_self_help

Skill      XL: |  1  2  3  4  5 |
---------------+----------------+-----
Unarmed Combat | 4 5 |  5.3
Transmutations | 3 |  3.5
Fighting       | |  1.0
Dodging        | |  2.0
Spellcasting   | |  2.0

Action                     |  1- 3 |  4- 6 || total
---------------------------+-------+-------++-------
  Melee: Unarmed           |    80 |    81 ||   161
         Kick              |    24 |    22 ||    46
         Tentacles         |    16 |    16 ||    32
         Constrict         |    12 |    21 ||    33
         Punch             |     2 |     3 ||     5
   Cast: Beastly Appendage |    19 |    20 ||    39
         Wereblood         |       |     1 ||     1
Ability: Lunge             |     6 |     6 ||    12
         Wall Jump         |       |     2 ||     2
         Whirlwind         |       |     1 ||     1
    Use: Potion            |       |     1 ||     1
   Stab: Sleeping          |     8 |     3 ||    11
 Armour: Skin              |    10 |     9 ||    19
  Dodge: Dodged            |    35 |    41 ||    76
